 Dungeon Crawl Stone Soup version 0.25-a0-100-g33052ceff8 (webtiles) character file.

Game seed: 2517714652266952019, levelgen mode: deterministic

58 Cinder the Chopper (level 3, -4/34 HPs)
             Began as a Minotaur Berserker on Nov 14, 2019.
             Was a Follower of Trog.
             Slain by a gnoll
             ... wielding a +0 halberd
              (8 damage)
             ... on level 2 of the Dungeon.
             The game lasted 00:02:41 (1275 turns).

Cinder the Chopper (Minotaur Berserker)             Turns: 1275, Time: 00:02:42

Health: -4/34      AC:  3    Str: 22    XL:     3   Next: 76%
Magic:  2/2        EV: 12    Int:  4    God:    Trog [*.....]
Gold:   81         SH:  0    Dex:  9    Spells: 2/2 levels left

rFire    . . .     SeeInvis .   a - +0 hand axe
rCold    . . .     Gourm    .   (no shield)
rNeg     . . .     Faith    .   b - +0 animal skin
rPois    .         Spirit   .   (helmet restricted)
rElec    .         Reflect  .   (no cloak)
rCorr    .         Harm     .   (no gloves)
MR       .....                  h - +0 pair of boots
Stlth    +.........             (no amulet)
HPRegen  0.11/turn              (no ring)
MPRegen  0.08/turn              (no ring)

@: no status effects
A: retaliatory headbutt, horns 2
a: Berserk, Renounce Religion


You were on level 2 of the Dungeon.
You worshipped Trog.
Trog was aware of your devotion.
You were very hungry.

You visited 1 branch of the dungeon, and saw 2 of its levels.

You collected 81 gold pieces.

Inventory:

Hand Weapons
 a - a +0 hand axe (weapon)
Missiles
 j - 46 stones (quivered)
Armour
 b - a +0 animal skin (worn)
 h - a +0 pair of boots (worn)
Scrolls
 e - a scroll of remove curse {unknown}
 f - a scroll of identify {unknown}
 g - 4 scrolls of amnesia {unknown}
 k - a scroll of magic mapping {unknown}
 l - a scroll of fog {unknown}
Potions
 d - a potion of curing {unknown}
 i - a potion of haste {unknown}
 m - a potion of magic {unknown}
 n - 2 potions of lignification {unknown}
 o - a potion of mutation {unknown}
Comestibles
 c - 2 rations


   Skills:
 + Level 4.4 Fighting
 * Level 5.2 Axes
 - Level 2.4 Armour
 - Level 2.1 Dodging


You had 2 spell levels left.
You didn't know any spells.
Your spell library was empty.

Dungeon Overview and Level Annotations

Branches:
Dungeon (2/15)

Altars:


Innate Abilities, Weirdness & Mutations

You reflexively headbutt those who attack you in melee.
You have a pair of horns on your head.


Message History

a +0 short sword; a kobold corpse
There is a stone staircase leading down here.
You start resting.
You are feeling very hungry.
You start resting.
HP restored.
You climb downwards.
There is a stone staircase leading up here.
Unknown command.
The gnoll barely misses you. The gnoll barely misses you.
The gnoll hits you with a +0 spear! The gnoll hits you with a +0 spear!
The gnoll hits you from afar with a +0 spear.
There is a stone staircase leading up here.
Unknown command.
Unknown command.
The gnoll hits you from afar with a +0 spear!
* * * LOW HITPOINT WARNING * * *
The gnoll hits you from afar with a +0 halberd!
You die...

#......##.# #####
#......##.#######
#..........#.....
#................
#...........†÷...
####...........#####
#....g.........#
#.##gg.........#
#.#@#.###......#####
#.#.#.# #...........
#.#.#.# #..K........
#.#.#.#..>..........
#.#.#.######.#......
#.#...########....†.
#.#####......#......
#.......#....#......
#########.#..#......


You could see 3 gnolls.

Vanquished Creatures
  A gnoll (D:2)
  2 adders (D:2)
  An ooze (D:1)
  A dart slug (D:1)
  2 giant cockroaches (D:2)
  2 goblins (D:1)
  3 hobgoblins (D:1)
  2 kobolds
  3 bats
  5 frilled lizards
  6 rats
28 creatures vanquished.

Notes
Turn   | Place    | Note
-------+----------+-------------------------------------------
     0 | D:1      | Cinder the Minotaur Berserker began the quest for the Orb.
     0 | D:1      | Reached XP level 1. HP: 19/19 MP: 0/0
     5 | D:1      | Noticed a minotaur zombie
    14 | D:1      | Noticed a minotaur zombie
   169 | D:1      | Reached skill level 4 in Axes
   315 | D:1      | Reached XP level 2. HP: 27/27 MP: 1/1
   809 | D:2      | Reached XP level 3. HP: 31/33 MP: 2/2
   930 | D:2      | Reached skill level 5 in Axes
  1275 | D:2      | Slain by a gnoll

Levels and vault maps discovered:
D:1:      shiori_arrival_whats_in_store_for_you, layout_basic,
          minmay_shallow_snake_nest
D:2:      layout_basic, first_ration

Skill      XL: |  1  2  3 |
---------------+----------+-----
Axes           | 4 5 |  5.2
Fighting       | 4 |  4.4
Armour         | |  2.4
Dodging        | |  2.1

Action                   || total
-------------------------++-------
Melee: Hand axe          ||    49
       Headbutt          ||     6
Armor: Animal skin       ||    15
Dodge: Dodged            ||    42

Table legend:
 A = Non-vault XP
 B = Vault XP
 C = Vault XP percentage of total XP
 D = Non-vault monster count
 E = Vault monster count
 F = Vault count percentage of total count
                 A         B        C        D         E       F
            +---------+---------+-------+---------+---------+-------
      Total |      84 |       0 |   0.0 |      28 |       0 |   0.0
            +---------+---------+-------+---------+---------+-------
        D:1 |      28 |       0 |   0.0 |      14 |       0 |   0.0
        D:2 |      56 |       0 |   0.0 |      14 |       0 |   0.0
            +---------+---------+-------+---------+---------+-------
